 Dungeon Crawl Stone Soup version 0.28.0-43-g3370ac3207 (webtiles) character file.

Game seed: 13749119376301506837

61 terff the Chopper (level 4, -5/40 HPs)
             Began as a Hill Orc Fighter on Apr 1, 2022.
             Splashed by a jelly's acid (9 damage)
             ... on level 2 of the Dungeon.
             The game lasted 00:02:30 (1028 turns).

terff the Chopper (Hill Orc Fighter)                Turns: 1028, Time: 00:02:31

Health: -5/40      AC: -2    Str: 18    XL:     4   Next: 7%
Magic:  4/4        EV:  6    Int:  8    God:
Gold:   47         SH:  4    Dex: 12    Spells: 3/3 levels left

rFire   . . .      SeeInvis .   a - +0 war axe
rCold   . . .      Faith    .   c - +0 buckler
rNeg    . . .      Spirit   .   h - +0 chain mail
rPois   .          Reflect  .   (no helmet)
rElec   .          Harm     .   (no cloak)
rCorr   .          Rampage  .   (no gloves)
Will    .....                   (no boots)
Stlth   ..........              (no amulet)
HPRegen 0.13/turn               (no ring)
MPRegen 0.09/turn               (no ring)

@: corroded
A: no striking features
a: no special abilities


You were on level 2 of the Dungeon.
You visited 1 branch of the dungeon, and saw 2 of its levels.

You collected 47 gold pieces.

Inventory:

Hand Weapons
 a - a +0 war axe (weapon)
Armour
 b - a +0 scale mail
 c - a +0 buckler (worn)
 h - a +0 chain mail (worn)
Jewellery
 g - an amulet of faith
Potions
 d - a potion of might
 e - a potion of resistance
 f - 2 potions of curing
 i - a potion of brilliance {unknown}


   Skills:
 + Level 4.0 Fighting
 + Level 4.1 Axes
 + Level 4.0 Armour
 + Level 0.1 Dodging
 + Level 3.5 Shields


You had 3 spell levels left.
You didn't know any spells.
Your spell library contained the following spells:

 Spells                   Type           Power      Damage    Failure   Level
 Ozocubu's Armour         Ice            0%         N/A       100%        3
 Ozocubu's Refrigeration  Ice            0%         4d5       100%        7


Dungeon Overview and Level Annotations

Branches:
Dungeon (2/15)

Altars:


Message History

Found a rat skeleton. 2 jellies and 7 endoplasms come into view.
Found a hobgoblin skeleton, a rat skeleton and 18 gold pieces.
The endoplasm quivers. x3; The jelly quivers.
The endoplasm quivers. x2
The endoplasm closely misses you.
The jelly hits the fungus.
The fungus begins to die.
The fungus is splashed with acid.
The acid corrodes the fungus!
There is an open door here.
You hit the endoplasm.
You kill the endoplasm!
You hit the fungus.
The fungus begins to die.
The jelly hits the fungus.
The fungus is splashed with acid.
The endoplasm freezes you.
You are frozen.
You hit the jelly but do no damage.
Your hands burn!
You hit the fungus. You hit the endoplasm.
You kill the endoplasm!
The endoplasm hits the fungus.
The fungus begins to die.
The jelly hits you. The acid corrodes you!
You are splashed with acid.
The endoplasm hits the fungus.
The jelly hits the fungus.
The fungus is splashed with acid.
The endoplasm hits the fungus. x2
The jelly hits the fungus.
The fungus is splashed with acid!
The fungus seems to be corroded for longer.
The jelly hits you. The acid corrodes you!
You are splashed with acid!
The endoplasm hits the fungus. x3
Things that are here:
a +0 dagger; a kobold corpse
There is an open door here.
The jelly hits you. The acid corrodes you!
You are splashed with acid!
* * * LOW HITPOINT WARNING * * *
Things that are here:
a +0 short sword; 5 stones; a kobold corpse You feel your willpower return.
You see here a +0 short sword.
There is an open gate, spattered with blood here.
You see here a +0 whip.
The jelly hits you.
* * * LOW HITPOINT WARNING * * *
You are splashed with acid!
You die...

#......#### #........#
##...(....#########.######
#####(.J.##.................
...........#########.#######
#####....#.# #...# #....#.##
#.### #...J#..######)#####
#............÷)†...#
#.....J@.......)...#
#####..........#####
#####......# #....<.#
#......# #......# #......#
######.#


You could see a jelly and an endoplasm.

Vanquished Creatures
  An adder (D:2)
  2 dart slugs
  4 bats
  3 endoplasms
  3 goblins
  4 hobgoblins
  8 jackals
  11 kobolds
  A ball python (D:1)
  A frilled lizard (D:1)
  5 rats
43 creatures vanquished.

Vanquished Creatures (others)
  3 fungi (D:2)
  9 toadstools (D:2)
12 creatures vanquished.

Grand Total: 55 creatures vanquished

Notes
Turn   | Place    | Note
-------+----------+-------------------------------------------
     0 | D:1      | terff the Hill Orc Fighter began the quest for the Orb.
     0 | D:1      | Reached XP level 1. HP: 19/19 MP: 1/1
    96 | D:1      | Reached XP level 2. HP: 19/27 MP: 2/2
   753 | D:2      | Reached XP level 3. HP: 33/33 MP: 3/3
   937 | D:2      | Reached XP level 4. HP: 36/40 MP: 4/4
  1028 | D:2      | Splashed by a jelly's acid

Illustrated notes

Levels and vault maps discovered:
D:1:      evilmike_arrival_crescent, layout_rooms
D:2:      cheibrodos_fertilizer, layout_rooms, basic_altar,
          uniq_crazy_yiuf_cottage

Skill      XL: |  1  2  3 |
---------------+----------+-----
Axes           | 3 4 |  4.1
Fighting       | 4 |  4.0
Armour         | 4 |  4.0
Dodging        | |  0.1
Shields        | |  3.5

Action                   |  1- 3 |  4- 6 || total
-------------------------+-------+-------++-------
Melee: War axe           |    89 |     3 ||    92
  Use: Scroll            |     2 |     4 ||     6
Armor: Scale mail        |     4 |       ||     4
       Chain mail        |    72 |       ||    72
Dodge: Dodged            |    47 |     1 ||    48
Block: Buckler           |    23 |       ||    23
